 Dungeon Crawl Stone Soup version 0.29.1-12-g30fa7ad0bf (webtiles) character file.

Game seed: 634227939505018176

165220 Peloso the Phalangite (level 17, -4/166 HPs)
             Began as a Minotaur Fighter on Dec 27, 2022.
             Was the Champion of Okawaru.
             Shot with an arrow by a deep elf archer (16 damage)
             ... on level 2 of the Elven Halls.
             The game lasted 01:21:07 (33843 turns).

Peloso the Phalangite (Minotaur Fighter)           Turns: 33843, Time: 01:21:08

Health: -4/166     AC: 46    Str: 27    XL:     17   Next: 27%
Magic:  0/18       EV:  8    Int: 12    God:    Okawaru [******]
Gold:   1994       SH:  5    Dex: 16    Spells: 16/16 levels left

rFire   + . .      SeeInvis .   D - +5 glaive of the Guard {elec, spectral, AC+5}
rCold   . . .      Faith    .   (shield currently unavailable)
rNeg    + . .      Spirit   +   W - +4 crystal plate armour of Xubroc {rCorr}
rPois   +          Reflect  +   Q - +2 hat of the Bear Spirit {Spirit, *Rage Will++}
rElec   .          Harm     .   U - +1 cloak {rPois}
rCorr   +          Rampage  +   g - +1 pair of gloves "Fegog" {Rampage rN+}
Will    +++..      Rage     20% q - +1 pair of boots {Fly}
Stlth   ..........              V - amulet of reflection
HPRegen 0.37/turn               s - ring of protection from fire
MPRegen 0.16/turn               Y - ring "Deotij" {rPois Int+7 Dex+4 Stlth-}

@: on berserk cooldown, flying, slowed, studying Long Blades, very slow
A: horns 2, retaliatory headbutt
a: Renounce Religion, Heroism, Finesse, Duel


You were on level 2 of the Elven Halls.
You worshipped Okawaru.
Okawaru was exalted by your worship.
You visited 6 branches of the dungeon, and saw 27 of its levels.
You visited 1 bazaar.
You also visited: Bailey and Gauntlet.

You collected 3456 gold pieces.
You spent 1462 gold pieces at shops.

Inventory:

Hand Weapons
 a - the +4 falchion "Hell-Harrower" {freeze, rElec rPois Int+3}
   (You found it on level 1 of the Lair of Beasts)

   It freezes those it strikes, dealing additional cold damage.
   It can also slow down cold-blooded creatures.
   Int:       It affects your intelligence (+3).
   rElec:     It insulates you from electricity.
   rPois:     It protects you from poison.
 b - the +8 great sword "Kausud" {flame, rF+}
   (Okawaru gifted it to you on level 13 of the Dungeon)

   It burns those it strikes, dealing additional fire damage.
   Big, fiery blades are also staple armaments of hydra-hunters.
   rF:        It protects you from fire.
 c - the +7 scimitar "Damysemu" {freeze, rElec Dex-4 Stlth+}
   (You found it on level 8 of the Dungeon)

   It freezes those it strikes, dealing additional cold damage.
   It can also slow down cold-blooded creatures.
   Dex:       It affects your dexterity (-4).
   rElec:     It insulates you from electricity.
   Stlth:     It makes you more stealthy.
 D - the +5 glaive of the Guard (weapon) {elec, spectral, AC+5}
   (You found it on level 3 of the Dungeon)

   It occasionally discharges a powerful burst of electricity upon striking a
   foe.
   When it strikes, its spirit leaps out and fights alongside the wielder.
   AC:        It affects your AC (+5).
Armour
 g - the +1 pair of gloves "Fegog" (worn) {Rampage rN+}
   (Okawaru gifted it to you on level 3 of the Lair of Beasts)

   rN:        It protects you from negative energy.
   Rampage:   It bestows one free step when moving towards enemies.
 p - a +0 kite shield of protection
 q - a +1 pair of boots of flying (worn)
 u - the +3 pair of boots of Limitation {Harm rElec Dex+4}
   (You bought it in a shop on level 1 of the Elven Halls)

   Dex:       It affects your dexterity (+4).
   rElec:     It insulates you from electricity.
   Harm:      It increases damage dealt and taken.
 N - a +2 hat of see invisible
 Q - the +2 hat of the Bear Spirit (worn) {Spirit, *Rage Will++}
   (You bought it in a shop on level 2 of the Orcish Mines)

   Going berserk makes the wearer tougher, and they're slowed less afterward.
   *Rage:     It berserks you when you make melee attacks (+20% chance).
   Will:      It greatly increases your willpower.
 U - a +1 cloak of poison resistance (worn)
 W - the +4 crystal plate armour of Xubroc (worn) {rCorr}
   (Okawaru gifted it to you on level 15 of the Dungeon)

   rCorr:     It protects you from acid and corrosion.
Jewellery
 s - a ring of protection from fire (left hand)
 v - a ring of resist corrosion
 x - a ring of ice
 G - a ring of see invisible
 V - an amulet of reflection (around neck)
 X - an amulet of regeneration
 Y - the ring "Deotij" (right hand) {rPois Int+7 Dex+4 Stlth-}
   (You found it on level 15 of the Dungeon)

   [ring of poison resistance]

   Int:       It affects your intelligence (+7).
   Dex:       It affects your dexterity (+4).
   rPois:     It protects you from poison.
   Stlth:     It makes you less stealthy.
Wands
 l - a wand of mindburst (7)
 B - a wand of digging (11)
Scrolls
 e - a scroll of blinking
 j - 11 scrolls of teleportation
 k - 3 scrolls of enchant armour
 n - a scroll of amnesia
 o - a scroll of noise
 r - 6 scrolls of magic mapping
 E - 2 scrolls of fear
 H - 10 scrolls of identify
 I - a scroll of poison
 S - 3 scrolls of immolation
Potions
 d - 6 potions of might
 f - a potion of magic
 h - 2 potions of berserk rage
 i - 12 potions of curing
 m - a potion of mutation
 t - 3 potions of resistance
 w - 3 potions of heal wounds
 A - a potion of invisibility
 J - 7 potions of haste


   Skills:
 + Level 18.5 Fighting
 + Level 12.0 Long Blades
 + Level 22.6 Polearms
 + Level 20.4 Armour
 + Level 2.5 Dodging
 + Level 4.6 Stealth
 + Level 4.7 Shields
 + Level 3.2 Invocations
 + Level 0.6 Evocations


You had 16 spell levels left.
You didn't know any spells.
Your spell library contained the following spells:

 Spells                   Type           Power      Damage    Failure   Level
 Apportation              Tloc           0%         N/A       99%         1
 Foxfire                  Conj/Fire      0%         2x1d4     99%         1
 Freeze                   Ice            0%         1d3       99%         1
 Magic Dart               Conj           0%         1d3       99%         1
 Necrotise                Necr           0%         1d4       99%         1
 Static Discharge         Conj/Air       0%         3-3/arc   99%         2
 Sublimation of Blood     Necr           0%         N/A       99%         2
 Dazzling Flash           Conj/Hex       0%         N/A       100%        3
 Frozen Ramparts          Ice            0%         1d1       100%        3
 Mephitic Cloud           Conj/Pois/Air  0%         N/A       100%        3
 Ozocubu's Armour         Ice            0%         N/A       100%        3
 Portal Projectile        Hex/Tloc       0%         N/A       100%        3
 Hailstorm                Conj/Ice       0%         3d3       100%        4
 Ice Form                 Ice/Tmut       0%         N/A       100%        4
 Iskenderun's Mystic Bla  Conj/Tloc      0%         2d3       100%        4
 Petrify                  Tmut/Erth      0%         N/A       100%        4
 Alistair's Intoxication  Tmut/Pois      0%         N/A       100%        5
 Blade Hands              Tmut           0%         N/A       100%        5
 Borgnjor's Vile Clutch   Necr/Erth      0%         N/A       100%        5
 Irradiate                Conj/Tmut      0%         3d11      100%        5
 Lightning Bolt           Conj/Air       0%         1d11      100%        5
 Metabolic Englaciation   Hex/Ice        0%         N/A       100%        5
 Starburst                Conj/Fire      0%         6d3       100%        6
 Summon Small Mammal      Summ           Unusable   N/A       N/A         1
 Call Imp                 Summ           Unusable   N/A       N/A         2
 Tukima's Dance           Hex            Unusable   N/A       N/A         3
 Animate Dead             Necr           Unusable   N/A       N/A         4
 Summon Ice Beast         Ice/Summ       Unusable   N/A       N/A         4
 Death Channel            Necr           Unusable   N/A       N/A         6
 Simulacrum               Ice/Necr       Unusable   N/A       N/A         6
 Spellforged Servitor     Conj/Summ      Unusable   N/A       N/A         7

Dungeon Overview and Level Annotations

Branches:
Dungeon (15/15)            Temple (1/1) D:6            Lair (5/5) D:10
 Shoals (0/4) Lair:3        Snake (2/4) Lair:3        Slime (0/5) Lair:5
    Orc (2/2) D:12            Elf (2/3) Orc:2        Vaults (0/5) D:14
 Depths (0/4) D:15         Bailey (visited)         Gauntlet (visited)

Altars:
Dithmenos
Gozag
Hepliaklqana
Kikubaaqudgha
Makhleb
Okawaru
Sif Muna
Uskayaw
Vehumet
Wu Jian
Yredelemnul
Zin
The Shining One
Jiyva

Shops:
D:4 =   D:8 =   D:9 =   Orc:2 ([(=   Elf:1 :[:?   Elf:2 ([=   Snake:1 *

Portals:
Trove: D:14 (give +2 storm dragon scales)


Innate Abilities, Weirdness & Mutations

You have a pair of horns on your head.
You reflexively headbutt those who attack you in melee.


Message History

The deep elf pyromancer gestures at you while chanting.
The bolt of fire misses you.
The deep elf archer shoots an arrow.
The arrow closely misses you.
There is an open translucent door, spattered with blood here.
Things that are here:
a +0 short sword; an elf corpse Unknown command.
You feel a strong urge to attack something.
You are no longer berserk.
You are exhausted.
You feel yourself slow down.
The deep elf archer shoots an arrow.
The arrow hits you but does no damage.
Unknown command.
You reach down and close the door, pushing everything out of the way.
You see here an elf corpse.
A deep elf zephyrmancer opens the door.
The deep elf archer shoots an arrow.
The arrow completely misses you.
You slash the deep elf pyromancer!
The deep elf pyromancer is moderately wounded.
Your +5 glaive of the Guard {elec, spectral, AC+5} hits the deep elf pyromancer from afar!
The deep elf pyromancer gestures at you while chanting.
The bolt of fire hits you! You resist.
* * * LOW HITPOINT WARNING * * *
You slash the deep elf pyromancer!
The deep elf pyromancer is severely wounded.
Your +5 glaive of the Guard {elec, spectral, AC+5} hits the deep elf pyromancer from afar!!
You kill the deep elf pyromancer!
Okawaru accepts your kill.
The fire elemental disappears in a puff of smoke!
A deep elf zephyrmancer comes into view.
It is wielding a +0 long sword.
The deep elf zephyrmancer points at you and mumbles some strange words.
The bolt of lightning hits your +5 glaive of the Guard {elec, spectral, AC+5}!
Your +5 glaive of the Guard {elec, spectral, AC+5} resists.
Your spectral weapon shares its damage with you!
The bolt of lightning hits you!!
* * * LOW HITPOINT WARNING * * *
x2 The deep elf archer shoots an arrow.
The arrow misses your +5 glaive of the Guard {elec, spectral, AC+5}.
The arrow hits you!!
You die...

#.P.....P.##.
#.....)...# .
##)).....###.
##'..P..)#).⌠
###
##.##...##).∩.
+#.##
##.###'#####⌠.⌠
##...###.## #.#
##+.
##.....#)## #.#
# ##.....@)##
#.#
#######(#### .#
.......e§°.##
.# .####..e/.°#
#....##°#
#≈≈### .e# .∩..
.#.. #####
##... ...


You could see a deep elf archer (repels missiles), 2 deep elf zephyrmancers and
a friendly +5 glaive of the Guard {elec, spectral, AC+5} (summoned).

Vanquished Creatures
  Rupert (Lair:3)
  Gastronok (D:10)
  Kirke (D:15)
  Frances (Snake:1)
  4 orc warlords
  A reaper (Gauntlet)
  An ironbound preserver (D:14)
  A deep elf demonologist (Elf:2)
  A minotaur (Gauntlet)
  A deep elf annihilator (Elf:1)
  2 deep elf death magi (Elf:2)
  Josephine (D:12)
  Fannar (D:10)
  3 ice dragons
  A fire dragon (Lair:4)
  Erolcha (D:12)
  7 hydras
  3 two-headed ogres
  5 boulder beetles
  5 centaur warriors
  3 anacondas (Snake:2)
  4 dancing weapons
  5 death yaks (Lair:3)
  2 naga warriors
  2 tengu warriors (D:13)
  A naga sharpshooter (Snake:1)
  Urug (D:12)
  5 orc high priests
  16 deep elf knights
  2 shock serpents (Snake:2)
  12 skeletal warriors
  A sea snake (Snake:2)
  A death drake (Gauntlet)
  A deep troll (shapeshifter) (D:11)
  4 naga ritualists
  7 deep elf archers
  The ghost of ripuliukko the Digger, a novice GrEE of Vehumet (D:8)
  14 deep elf zephyrmancers
  3 orc knights
  A lindwurm (Lair:4)
  29 deep elf pyromancers
  3 manticores
  3 mana vipers
  7 cyclopes
  9 orc sorcerers
  7 ugly things
  A salamander (Snake:2)
  22 black mambas
  A centaur zombie (Gauntlet)
  17 elephants
  2 gargoyles
  4 naga magi
  17 rime drakes
  7 cane toads
  A torpor snail (D:14)
  Maggie (D:10)
  8 komodo dragons
  3 unseen horrors
  A yaktaur (D:15)
  A tengu conjurer (D:13)
  An ice devil (Gauntlet)
  5 polar bears
  7 trolls
  A troll (shapeshifter) (Elf:2)
  Grinder (D:6)
  7 hornets (Lair:5)
  34 blink frogs
  4 slime creatures (D:13)
  12 dream sheep
  Sigmund (D:4)
  3 water elementals
  A shadow (D:8)
  15 spriggans (Lair:5)
  2 air elementals
  8 wraiths
  Eustachio (D:4)
  26 yaks
  Grum (D:10)
  10 basilisks
  4 hogs (D:15)
  3 wyverns
  A fire elemental (Elf:1)
  A human (D:15)
  8 vampire mosquitoes
  15 steam dragons
  10 nagas
  Menkaure (D:6)
  11 wargs
  2 acid dragons
  7 water moccasins
  A floating eye (shapeshifter) (Elf:1)
  6 black bears
  52 orc warriors
  Duvessa (D:6)
  A swamp drake (D:12)
  2 ice beasts
  9 ogres
  32 wolves
  3 boggarts (Lair:5)
  8 centaurs
  3 kobold brigands
  An earth elemental (Elf:2)
  3 bullfrogs
  2 necrophages
  4 wights (D:6)
  Dowan (D:6)
  18 killer bees
  2 howler monkeys
  An electric eel (Snake:2)
  A vampire bat (Lair:2)
  A lava snake (Lair:4)
  3 quasits (D:8)
  22 orc priests
  An iguana (D:7)
  38 orc wizards
  A boggart zombie (Gauntlet)
  A boggart simulacrum (D:14)
  4 adders
  4 gnolls (D:8)
  2 shadow imps
  5 white imps
  A dart slug (D:1)
  A worm (D:2)
  141 orcs
  11 bats
  7 endoplasms
  4 giant cockroaches
  9 goblins
  8 hobgoblins
  4 jackals
  4 quokkas
  4 ball pythons (D:4)
  5 frilled lizards
  17 kobolds
  A kobold skeleton (D:4)
  4 rats
  A fungus (Lair:1)
  A plant (Elf:1)
931 creatures vanquished.

Vanquished Creatures (others)
  A deep elf knight (Elf:2)
  2 rime drakes (Lair:4)
  A gnoll bouda (D:6)
  5 gnolls (D:6)
  A kobold (D:4)
  29 fungi
  76 plants
  20 withered plants (Gauntlet)
135 creatures vanquished.

Grand Total: 1066 creatures vanquished

Notes
Turn   | Place    | Note
-------+----------+-------------------------------------------
     0 | D:1      | Peloso the Minotaur Fighter began the quest for the Orb.
     0 | D:1      | Reached XP level 1. HP: 19/19 MP: 0/0
    39 | D:1      | Found a faded altar of an unknown god.
   300 | D:1      | Reached XP level 2. HP: 25/27 MP: 1/1
  1088 | D:2      | Reached XP level 3. HP: 24/33 MP: 2/2
  1774 | D:3      | Reached XP level 4. HP: 40/40 MP: 3/3
  1913 | D:3      | Found the +5 glaive of the Guard {elec, spectral, AC+5}
  2489 | D:3      | Found a burning altar of Makhleb.
  2489 | D:3      | Found a shimmering blue altar of Sif Muna.
  2496 | D:3      | Found a glowing silver altar of Zin.
  2498 | D:3      | Found a faded altar of an unknown god.
  2500 | D:3      | Found a faded altar of an unknown god.
  2609 | D:4      | Noticed a black bear
  2617 | D:4      | Killed a black bear
  2618 | D:4      | Reached skill level 1 in Polearms
  2618 | D:4      | Reached XP level 5. HP: 40/47 MP: 4/4
  2780 | D:4      | Found Huats's Jewellery Boutique.
  2792 | D:4      | Noticed Sigmund
  2797 | D:4      | Killed Sigmund
  2798 | D:4      | Reached skill level 5 in Long Blades
  2798 | D:4      | Reached skill level 2 in Polearms
  2798 | D:4      | Reached skill level 5 in Armour
  2798 | D:4      | Reached skill level 1 in Dodging
  2798 | D:4      | Reached XP level 6. HP: 53/53 MP: 5/5
  2821 | D:4      | Noticed a human
  2822 | D:4      | Found a runed translucent door.
  2835 | D:4      | Found a basalt altar of Yredelemnul.
  3037 | D:4      | Noticed Eustachio
  3076 | D:4      | Killed Eustachio
  3077 | D:4      | Reached skill level 5 in Fighting
  3077 | D:4      | Reached skill level 3 in Polearms
  3077 | D:4      | Reached XP level 7. HP: 50/61 MP: 6/6
  3579 | D:5      | Entered Level 5 of the Dungeon
  3645 | D:5      | Found a glowing golden altar of the Shining One.
  3881 | D:5      | Reached skill level 4 in Polearms
  3881 | D:5      | Reached skill level 1 in Stealth
  4011 | D:5      | Reached skill level 5 in Polearms
  4343 | D:6      | Reached XP level 8. HP: 48/69 MP: 7/7
  4445 | D:6      | Reached skill level 6 in Polearms
  4510 | D:6      | Noticed Grinder
  4522 | D:6      | Killed Grinder
  4523 | D:6      | Reached skill level 7 in Polearms
  4920 | D:6      | Reached skill level 8 in Polearms
  4972 | D:6      | Noticed Duvessa
  4972 | D:6      | Noticed Dowan
  4973 | D:6      | Noticed Menkaure
  4981 | D:6      | Killed Duvessa
  5316 | D:6      | Killed Menkaure
  5319 | D:6      | Killed Dowan
  5412 | D:6      | Found a staircase to the Ecumenical Temple.
  5421 | Temple   | Entered the Ecumenical Temple
  5455 | Temple   | Became a worshipper of Warmaster Okawaru
  5559 | D:6      | Reached XP level 9. HP: 75/75 MP: 8/8
  5819 | D:7      | Found an ancient bone altar of Kikubaaqudgha.
  5829 | D:7      | Reached skill level 9 in Polearms
  6337 | D:8      | Found Ebuac Ezxo's Jewellery Emporium.
  6370 | D:8      | Reached * piety under Okawaru
  6380 | D:8      | Reached skill level 10 in Polearms
  6392 | D:8      | Found a flagged portal.
  6406 | Bailey   | Entered a bailey
  6527 | Bailey   | Found a large runed translucent door.
  6527 | Bailey   | Found a large runed translucent door.
  6527 | Bailey   | Noticed an orc knight
  6551 | Bailey   | Killed an orc knight
  6571 | Bailey   | Reached skill level 11 in Polearms
  6579 | Bailey   | Reached ** piety under Okawaru
  6603 | Bailey   | Noticed a deep elf pyromancer
  6750 | Bailey   | Killed a deep elf pyromancer
  6751 | Bailey   | Reached XP level 10. HP: 86/86 MP: 6/9
  7070 | D:8      | Found a transporter.
  7074 | D:8      | Noticed ripuliukko's ghost (novice GrEE)
  7090 | D:8      | Identified the +7 scimitar "Damysemu" {freeze, rElec Dex-4
                  | Stlth+}
  7134 | D:8      | Found a transporter.
  7150 | D:8      | Reached skill level 10 in Armour
  7184 | D:8      | Reached *** piety under Okawaru
  7601 | D:8      | Reached skill level 12 in Polearms
  8325 | D:9      | Identified the +7 short sword "Dilus" {flame, rF++ Str+2
                  | Stlth+}
  8329 | D:9      | Found a shadowy altar of Dithmenos.
  8338 | D:9      | Reached **** piety under Okawaru
  8420 | D:9      | Found Ekiadoto's Jewellery Emporium.
  8518 | D:9      | Reached skill level 13 in Polearms
  8592 | D:9      | Found an opulent altar of Gozag.
  8845 | D:10     | Entered Level 10 of the Dungeon
  8847 | D:10     | Noticed a two-headed ogre
  8852 | D:10     | Killed a two-headed ogre
  8853 | D:10     | Reached XP level 11. HP: 92/95 MP: 7/10
  8940 | D:10     | Found an ornate altar of the Wu Jian Council.
  9024 | D:10     | Reached ***** piety under Okawaru
  9065 | D:10     | Noticed Maggie
  9073 | D:10     | Killed Maggie
  9080 | D:10     | Noticed Grum
  9085 | D:10     | Killed Grum
  9357 | D:10     | Noticed Fannar
  9358 | D:10     | Found a hazy altar of Hepliaklqana.
  9358 | D:10     | Noticed Gastronok
  9394 | D:10     | Killed Fannar
  9395 | D:10     | Reached skill level 14 in Polearms
  9416 | D:10     | Killed Gastronok
  9417 | D:10     | Reached skill level 1 in Invocations
  9620 | D:10     | Identified the +4 great sword of Valiance {vorpal, Will+
                  | Str+2} (Okawaru gifted it to you on level 10 of the
                  | Dungeon)
  9620 | D:10     | Received a gift from Okawaru
 10065 | D:10     | Found a staircase to the Lair.
 10517 | D:11     | Reached skill level 15 in Polearms
 10707 | D:11     | Noticed a cyan ugly thing
 10712 | D:11     | Killed a cyan ugly thing
 10754 | D:11     | Noticed a sea snake
 10756 | D:11     | Noticed a death drake
 10756 | D:11     | a sea snake changed into a death drake
 10757 | D:11     | Noticed a deep troll
 10757 | D:11     | a death drake changed into a deep troll
 10758 | D:11     | Killed a deep troll
 10759 | D:11     | Reached skill level 10 in Fighting
 10796 | D:11     | Received a gift from Okawaru
 11453 | D:12     | Reached XP level 12. HP: 102/107 MP: 12/12
 11458 | D:12     | Reached skill level 16 in Polearms
 11566 | D:12     | Noticed Erolcha
 11567 | D:12     | Noticed a two-headed ogre
 11571 | D:12     | Killed Erolcha
 11574 | D:12     | Killed a two-headed ogre
 11610 | D:12     | Noticed a boulder beetle
 11631 | D:12     | Killed a boulder beetle
 11743 | D:12     | Noticed Josephine
 11747 | D:12     | Received a gift from Okawaru
 11752 | D:12     | Killed Josephine
 11969 | D:12     | Identified the +4 quarterstaff of Obsession {venom, *Noise
                  | rF+ Dex+3}
 11969 | D:12     | Noticed Urug
 11972 | D:12     | Reached skill level 17 in Polearms
 11976 | D:12     | Killed Urug
 12184 | D:12     | Noticed a boulder beetle
 12196 | D:12     | Killed a boulder beetle
 12257 | D:12     | Found a staircase to the Orcish Mines.
 12706 | Lair:1   | Entered Level 1 of the Lair of Beasts
 12712 | Lair:1   | Found a gate leading to a gauntlet.
 12725 | Gauntlet | Entered a Gauntlet
 12725 | Gauntlet | Found a transporter.
 12725 | Gauntlet | Found a transporter.
 12726 | Gauntlet | Found a transporter.
 12729 | Gauntlet | Found a transporter.
 12729 | Gauntlet | Found a transporter.
 12729 | Gauntlet | Found a transporter.
 12747 | Gauntlet | Found a transporter.
 12749 | Gauntlet | Found a transporter.
 12753 | Gauntlet | Noticed a cacodemon
 12755 | Gauntlet | Noticed a reaper
 12767 | Gauntlet | Found a transporter.
 13068 | Gauntlet | Found a transporter.
 13072 | Gauntlet | Found a transporter.
 13088 | Gauntlet | Found a transporter.
 13190 | Gauntlet | Received a gift from Okawaru
 13441 | Gauntlet | Killed a reaper
 13515 | Gauntlet | Noticed a minotaur
 13520 | Gauntlet | Killed a minotaur
 13527 | Gauntlet | Identified the +2 robe of Ghostly Fun {Contam Will+ Int+4
                  | Slay+6}
 13634 | Lair:1   | You are sucked into a shaft and drop 1 floor!
 13803 | Lair:2   | Reached XP level 13. HP: 109/118 MP: 13/13
 13949 | Lair:2   | Found a burning altar of Makhleb.
 13997 | Lair:2   | Reached skill level 18 in Polearms
 14172 | Lair:2   | Reached ****** piety under Okawaru
 15070 | Lair:1   | Identified the +4 falchion "Hell-Harrower" {freeze, rElec
                  | rPois Int+3}
 15628 | Lair:3   | Found a staircase to the Snake Pit.
 15641 | Lair:3   | Received a gift from Okawaru
 16022 | Lair:3   | Noticed Rupert
 16031 | Lair:3   | Killed Rupert
 16031 | Lair:3   | Identified the +1 pair of gloves "Fegog" {Rampage rN+}
                  | (Okawaru gifted it to you on level 3 of the Lair of Beasts)
 16031 | Lair:3   | Received a gift from Okawaru
 16420 | Lair:3   | Reached skill level 19 in Polearms
 16420 | Lair:3   | Reached skill level 15 in Armour
 16620 | Lair:3   | Found a staircase to the Shoals.
 17102 | Lair:4   | Reached XP level 14. HP: 109/129 MP: 15/15
 17103 | Lair:4   | Identified the +6 plate armour of Defiance {Int+5 SInv}
                  | (Okawaru gifted it to you on level 4 of the Lair of Beasts)
 17103 | Lair:4   | Received a gift from Okawaru
 17749 | Lair:4   | Reached skill level 20 in Polearms
 18227 | Lair:5   | Entered Level 5 of the Lair of Beasts
 18951 | Lair:5   | Received a gift from Okawaru
 19024 | Lair:5   | Paralysed by a hornet for 2 turns
 19668 | Lair:5   | Found a viscous altar of Jiyva.
 19669 | Lair:5   | Found a staircase to the Slime Pits.
 19671 | Lair:5   | Received a gift from Okawaru
 20203 | D:13     | Reached skill level 15 in Fighting
 20899 | D:13     | Reached XP level 15. HP: 111/141 MP: 16/16
 21111 | D:13     | Reached skill level 21 in Polearms
 21145 | D:13     | Identified the +8 great sword "Kausud" {flame, rF+}
                  | (Okawaru gifted it to you on level 13 of the Dungeon)
 21145 | D:13     | Received a gift from Okawaru
 22031 | D:14     | Found a portal to a secret trove of treasure.
 22050 | D:14     | Found the +4 skin of Zhor {*Englaciate rC+++ SInv}
 22466 | D:14     | Found a gate to the Vaults.
 23166 | Orc:1    | Entered Level 1 of the Orcish Mines
 23233 | Orc:1    | Noticed an orc warlord
 23242 | Orc:1    | Killed an orc warlord
 23242 | Orc:1    | Identified the +7 kite shield of the Sun {SInv} (Okawaru
                  | gifted it to you on level 1 of the Orcish Mines)
 23242 | Orc:1    | Received a gift from Okawaru
 23533 | Orc:2    | Entered Level 2 of the Orcish Mines
 23657 | Orc:2    | Found Piunant's Antique Armour Shoppe.
 23657 | Orc:2    | Noticed an orc warlord
 23704 | Orc:2    | Killed an orc warlord
 23843 | Orc:2    | Paralysed by an orc sorcerer for 3 turns
 24011 | Orc:2    | Found Luch's Antique Weapon Emporium.
 24209 | Orc:2    | Noticed an orc warlord
 24218 | Orc:2    | Killed an orc warlord
 24630 | Orc:2    | Found a staircase to the Elven Halls.
 24655 | Orc:2    | Noticed an orc warlord
 24687 | Orc:2    | Killed an orc warlord
 25270 | Orc:2    | Found Olenei's Weapon Boutique.
 25815 | Orc:2    | Found Ufecegeg's Jewellery Shoppe.
 25970 | Orc:2    | Bought the +2 hat of the Bear Spirit {Spirit, *Rage Will++}
                  | for 802 gold pieces
 25970 | Orc:2    | Found the +2 hat of the Bear Spirit {Spirit, *Rage Will++}
 26152 | D:15     | Entered Level 15 of the Dungeon
 26253 | D:15     | Found a staircase to the Depths.
 26315 | D:15     | Noticed Kirke
 26323 | D:15     | Killed Kirke
 26406 | D:15     | Found a hide-covered altar of Uskayaw.
 26433 | D:15     | Identified the +4 crystal plate armour of Xubroc {rCorr}
                  | (Okawaru gifted it to you on level 15 of the Dungeon)
 26433 | D:15     | Received a gift from Okawaru
 26439 | D:15     | Reached XP level 16. HP: 155/155 MP: 13/17
 26615 | D:15     | Reached skill level 22 in Polearms
 26930 | D:15     | Identified the ring "Deotij" {rPois Int+7 Dex+4 Stlth-}
 27622 | D:8      | Killed ripuliukko's ghost
 28178 | Snake:1  | Entered Level 1 of the Snake Pit
 28185 | Snake:1  | Identified the +3 leather armour "Xeohog" {Drain Int+8}
 28435 | Snake:1  | Identified the +6 short sword of the Onslaught {distort,
                  | Dex+3}
 28511 | Snake:1  | Noticed Frances
 28523 | Snake:1  | Killed Frances
 28873 | Snake:1  | You are sucked into a shaft and drop 1 floor!
 28939 | Snake:2  | HP: 4/155 [shock serpent (12)]
 28941 | Snake:2  | Found a flickering gateway to a bazaar.
 28944 | Bazaar   | Entered a bazaar
 28944 | Bazaar   | Found Xiem's Distillery.
 28944 | Bazaar   | Found Oneef Ule's General Store.
 28944 | Bazaar   | Found Acigec's Jewellery Shoppe.
 28946 | Bazaar   | Found Ilo Qaon's Jewellery Shop.
 28946 | Bazaar   | Found Arupsigo's General Store.
 29375 | Bazaar   | Bought a scroll of blinking for 82 gold pieces
 29379 | Bazaar   | Bought a potion of mutation for 80 gold pieces
 29379 | Bazaar   | Bought 2 potions of heal wounds for 100 gold pieces
 30686 | Snake:1  | Found Xivick's Assorted Antiques.
 30694 | Snake:1  | Bought a scroll labelled VUOLUA XIMOKLO for 28 gold pieces
 30825 | Snake:1  | Reached skill level 10 in Long Blades
 31205 | Elf:1    | Entered Level 1 of the Elven Halls
 31488 | Elf:1    | Identified the +2 robe of the Accordion {Dex+3} (Okawaru
                  | gifted it to you on level 1 of the Elven Halls)
 31488 | Elf:1    | Received a gift from Okawaru
 31729 | Elf:1    | Found Becub's Antique Armour Emporium.
 31733 | Elf:1    | Found Liop's Magic Scroll Shoppe.
 31733 | Elf:1    | Found Luegos's Book Emporium.
 31738 | Elf:1    | Bought a pair of faintly glowing boots for 370 gold pieces
 31738 | Elf:1    | Identified the +3 pair of boots of Limitation {Harm rElec
                  | Dex+4} (You bought it in a shop on level 1 of the Elven
                  | Halls)
 31740 | Elf:1    | Found Epejexo's Book Shoppe.
 32264 | Elf:1    | Got the Commentary on Blows and Bruises
 32418 | Elf:1    | Paralysed by an air elemental for 1 turns
 33005 | Elf:2    | Reached XP level 17. HP: 163/163 MP: 14/18
 33575 | Elf:2    | Received a gift from Okawaru
 33638 | Elf:2    | Paralysed by an air elemental for 1 turns
 33675 | Elf:2    | Found Ibeuj's Armour Boutique.
 33686 | Elf:2    | Found Xiwolloa's Jewellery Shoppe.
 33811 | Elf:2    | Found Uteq's Weapon Emporium.
 33843 | Elf:2    | Shot with an arrow by a deep elf archer

Illustrated notes

Levels and vault maps discovered:
D:1:      minmay_arrival_stone_box, layout_basic,
          hellmonk_ecumenical_altar_run_dry, minmay_split_cup_small
D:2:      layout_rooms
D:3:      layout_loops_corners, chequers_temple_overflow_minitemple,
          grunt_ministairs_4
D:4:      minmay_wonky_spiral, layout_loops_ring, dk_yredelemnul_ordeal,
          serial_shops, shop, uniq_sigmund, uniq_eustachio
D:5:      layout_gridville, nicolae_tso_swordbearing_angel, minivault_25
D:6:      layout_rooms, lemuel_temple_firewalk_b, st_stairs_6,
          dreamdust_princess_bridge, uniq_grinder, uniq_menkaure, uniq_duvessa
D:7:      layout_rooms, mainiacjoe_overflow_cross_hatched
D:8:      layout_loops_ring, gammafunk_ghost_stat_death, special_room
          [special_room_orc], lightli_bailey_entry_fortress, serial_shops,
          nicolae_shop_hallway_plus, skrybe_limestone_x, grunt_ministairs_4
D:9:      layout_irregular_city, mainiacjoe_overflow_large_starburst,
          serial_shops, kennysheep_mini_moat
D:10:     layout_stronghold, lemuel_round_altar,
          mainiacjoe_overflow_small_starburst, lair_entry_dummy, uniq_grum,
          uniq_gastronok, uniq_maggie, uniq_fannar
D:11:     layout_irregular_city, kennysheep_just_a_vault
D:12:     layout_basic, erik_orc_1, uniq_urug, uniq_erolcha, uniq_josephine
D:13:     layout_basic
D:14:     layout_layer_cave, skrybe_vaults_entry_preservation,
          nicolae_trove_entry_free_sample, hellmonk_guarded_unrand_zhor
D:15:     grunt_enter_depths_hoard, layout_basic, nicolae_uskayaw_en_pointe,
          uniq_kirke
Temple:   minmay_temple_forest_path
Lair:1:   layout_gridlike, gauntlet_entry_generic, grunt_megastairs_1
Lair:2:   layout_loops_ring, basic_altar, roderic_batcave
Lair:3:   layout_roguey, minmay_shoals_entry_centaurs,
          minmay_snake_entry_guardpost_small, kennysheep_basilisk_garden,
          uniq_rupert
Lair:4:   layout_gridlike, columned_hall_lemuel, bobbens_dragon_lair_wall
Lair:5:   minmay_lair_end_enchanted_forest, layout_long_grid, slime_entry_1,
          grunt_megastairs_2
Snake:1:  layout_concentric_octagons, serial_shops, shop, uniq_frances
Snake:2:  layout_onion, serial_shops, bzr_entry_islet,
          nicolae_snake_snakes_in_the_grass
Orc:1:    cheibrodos_orc_bank, layout_diamond_mine, serial_shops, shop_statue,
          lightli_orcish_oven
Orc:2:    grunt_orc_community_town_hall, layout_diamond_mine,
          grunt_orc_community_big_house_2, grunt_orc_community_big_house_2,
          grunt_orc_community_house_2, grunt_orc_community_house_1,
          grunt_orc_community_house_2, grunt_orc_community_house_3,
          grunt_orc_community_house_3, grunt_orc_community_house_3,
          mines5_lemuel
Elf:1:    nicolae_elf_arrival_no_cutting_in_line, layout_geoelf_octagon,
          minmay_elf_annihilation, minmay_shoptagon
Elf:2:    elven_hall_of_blades_hangedman_alternative
          [nicolae_blade_entry_sentries_behind_glass], layout_geoelf_diagonals,
          serial_shops, shop_fountains, shop, shop,
          nicolae_shop_temple_entry_statues_fountains,
          nicolae_shop_hallway_stairs, st_stairs_7, hangedman_glass_teeth,
          fake_guardian_serpent_vault

Skill      XL: |  1  2  3  4  5  6  7  8  9 10 11 12 13 14 15 16 |
---------------+-------------------------------------------------+-----
Fighting       | 4 5 6 7 8 10 12 13 15 17 18 | 18.5
Armour         | 4 5 6 7 9 11 12 13 15 16 18 20 | 20.4
Long Blades    | 3 4 5 12 | 12.0
Shields        | 4 |  4.7
Polearms       | 1 2 3 5 8 11 13 15 17 19 20 21 22 | 22.6
Dodging        | 1 2 |  2.5
Stealth        | 1 2 3 4 |  4.6
Invocations    | 1 2 3 |  3.2
Evocations     | |  0.6

Action                   |  1- 3 |  4- 6 |  7- 9 | 10-12 | 13-15 | 16-18 || total
-------------------------+-------+-------+-------+-------+-------+-------++-------
Melee: Long sword        |   102 |     4 |       |       |       |       ||   106
       Headbutt          |    15 |     5 |    14 |    50 |   158 |    96 ||   338
       Glaive            |       |    25 |   122 |   309 |   756 |   277 ||  1489
       Great sword       |       |       |       |       |       |   111 ||   111
Invok: Heroism           |       |       |     2 |     9 |     3 |     4 ||    18
Evoke: Wand              |       |       |       |       |       |     6 ||     6
  Use: Potion            |     3 |       |       |       |     1 |     2 ||     6
       Scroll            |     2 |       |     5 |    13 |     2 |     6 ||    28
 Stab: Distracted        |       |       |       |     2 |    11 |     3 ||    16
Armor: Scale mail        |    63 |    34 |     5 |       |       |       ||   102
       Crystal plate arm |       |       |   162 |   329 |   831 |   364 ||  1686
Dodge: Dodged            |    45 |    33 |    46 |   111 |   280 |   142 ||   657
Block: Buckler           |    28 |       |       |       |       |       ||    28
       Other             |       |       |       |       |       |     7 ||     7
       Reflection        |       |       |       |       |       |     4 ||     4
